 Dungeon Crawl Stone Soup version 0.20-a0-1127-g1289703 (webtiles) character file.

86 Klosterheim the Cutter (level 4, 0/23 HPs)
             Began as a Vine Stalker Skald on May 18, 2017.
             Slain by a sky beast (5 damage)
             ... on level 3 of the Dungeon.
             The game lasted 00:04:11 (1641 turns).

Klosterheim the Cutter (Vine Stalker Skald)         Turns: 1641, Time: 00:04:12

Health: 0/23       AC:  5    Str: 14    XL:     4   Next: 49%
Magic:  0/8        EV:  9    Int: 13    God:
Gold:   31         SH:  7    Dex: 14    Spells: 4/7 levels left

rFire    . . .     SeeInvis .   a - +0 short sword
rCold    . . .     Gourm    .   m - +0 shield
rNeg     . . .     Faith    .   b - +0 leather armour
rPois    .         Spirit   +   (no helmet)
rElec    .         Reflect  .   (no cloak)
rCorr    .         Harm     .   o - +0 pair of gloves
MR       .....                  l - +0 pair of boots
Stlth    +.........             (no amulet)
Regen    0.5/turn               (no ring)
MPRegen  0.2/turn               (no ring)

@: infused, very slightly contaminated
A: fangs 2, regeneration 1, magic shield, antimagic bite, no potion heal 3, rot
immunity
a: no special abilities


You were on level 3 of the Dungeon.
You were not hungry.

You visited 1 branch of the dungeon, and saw 3 of its levels.

You collected 31 gold pieces.

Inventory:

Hand Weapons
 a - a +0 short sword (weapon)
Armour
 b - a +0 leather armour (worn)
 l - a +0 pair of boots (worn)
 m - a +0 shield (worn)
 o - a +0 pair of gloves (worn)
Scrolls
 e - a scroll of recharging {unknown}
 g - 7 scrolls of identify {unknown}
 i - a scroll of enchant armour {unknown}
 k - a scroll of blinking {unknown}
 q - 2 scrolls of enchant weapon {unknown}
 s - a scroll of fear {unknown}
Potions
 f - a potion of mutation {unknown}
 h - a potion of agility {unknown}
 n - 3 potions of flight {unknown}
 p - 2 potions of heal wounds {unknown}
 t - a potion of cancellation {unknown}
Books
 c - a book of Battle

   Spells                             Type                      Level
   a - Infusion                       Charms                       1
   b - Shroud of Golubria             Charms/Translocation         2
   c - Song of Slaying                Charms                       2
   d - Spectral Weapon                Hexes/Charms                 3
   e - Regeneration                   Charms/Necromancy            3
Comestibles
 d - 2 bread rations
 j - 2 meat rations
 r - a royal jelly
 u - 3 chunks of flesh


   Skills:
 + Level 2.5 Fighting
 * Level 3.3 Short Blades
 - Level 0.7 Armour
 - Level 1.7 Dodging
 - Level 2.3 Spellcasting
 - Level 3.2 Charms


You had 4 spell levels left.
You knew the following spells:

 Your Spells              Type           Power        Failure   Level  Hunger
a - Infusion              Chrm           #...         52%         1    #......
b - Shroud of Golubria    Chrm/Tloc      #.........   86%         2    ###....


Dungeon Overview and Level Annotations

Branches:
Dungeon (2/15)

Altars:


Innate Abilities, Weirdness & Mutations

You have extremely sharp teeth.
Your natural rate of healing is unusually fast.
When hurt, damage is shared between your health and your magic reserves.
Your bite disrupts and absorbs the magic of your enemies.
Potions cannot restore your health.
You are immune to rotting.


Message History

Casting: Shroud of Golubria
Confirm with . or Enter, or press ? or * to list all spells.
You miscast Infusion.
Your hands glow momentarily.
Casting: Infusion
Confirm with . or Enter, or press ? or * to list all spells.
You begin infusing your attacks with magical energy.
You closely miss the sky beast. Your bite misses the sky beast.
Your shroud begins to fray at the edges.
The sky beast hits you but does no damage.
You closely miss the sky beast.
The sky beast flickers out of sight!
Deactivating autopickup; reactivate with Ctrl-A.
Something hits you. Something shocks you.
Your shroud falls apart!
You miss something. Your bite misses something. Something hits you.
Something shocks you.
* * * LOW HITPOINT WARNING * * *
You closely miss something. Your bite misses something. Something hits you.
* * * LOW HITPOINT WARNING * * *
Something shocks you.
You die...

#.........# ##
#.........# ..
#.........#
#.##.........# ######
#.#..))####### #....#
#.##.#)# #####+##.###.
#.#.####
#....<....##{##.#....#
#.........##.@..###(##
### #.........#######
#.#### #..
#.........##### #.(..#
#.# #.............#
####.# ###.#
########.#.##.# #.#
#....
#...##.########.#
#.#.#
######.......#..#
#.#..
#######.#.####.###
##### #.....#...##.#


There were no monsters in sight!

Vanquished Creatures
  An orc wizard (D:3)
  An adder (D:3)
  A worm (D:2)
  A dart slug (D:2)
  A leopard gecko (D:1)
  4 orcs (D:3)
  5 giant cockroaches
  2 goblins (D:3)
  6 hobgoblins
  4 jackals (D:3)
  A ball python (D:1)
  6 bats
  2 frilled lizards (D:2)
  3 kobolds
  2 rats
40 creatures vanquished.

Notes
Turn   | Place    | Note
-------+----------+-------------------------------------------
     0 | D:1      | Klosterheim the Vine Stalker Skald began the quest for the Orb.
     0 | D:1      | Reached XP level 1. HP: 11/11 MP: 4/4
     0 | D:1      | Noticed an ice dragon
     0 | D:1      | Noticed an orb of fire
     3 | D:1      | Noticed a black draconian
     3 | D:1      | Noticed an iron dragon
     5 | D:1      | Noticed a large abomination
     7 | D:1      | Noticed an ice dragon
    10 | D:1      | Noticed a shadow dragon
    10 | D:1      | Noticed a red draconian
    16 | D:1      | Noticed an ice dragon
    18 | D:1      | Noticed an iron dragon
    18 | D:1      | Noticed a shadow dragon
    20 | D:1      | Noticed a large abomination
    20 | D:1      | Noticed an ice dragon
    22 | D:1      | Noticed a large abomination
   220 | D:1      | Reached XP level 2. HP: 6/15 MP: 0/6
   224 | D:1      | Learned a level 2 spell: Shroud of Golubria
   993 | D:2      | Reached XP level 3. HP: 14/18 MP: 5/7
  1128 | D:2      | You fall through a shaft!
  1591 | D:3      | Gained mutation: Your natural rate of healing is unusually fast. [Vine Stalker growth]
  1591 | D:3      | Reached XP level 4. HP: 18/23 MP: 8/8
  1633 | D:3      | Noticed a sky beast
  1641 | D:3      | Slain by a sky beast

Vault maps used:
D:1:      shiori_arrival_whats_in_store_for_you
D:2:      first_bread, st_stairs_2, uniq_jessica
D:3:      st_stairs_8

Skill      XL: |  1  2  3  4 |
---------------+-------------+-----
Fighting       | 2 |  2.5
Short Blades   | 2 3 |  3.3
Armour         | |  0.7
Dodging        | |  1.7
Spellcasting   | |  2.3
Charms         | |  3.2

Action                   |  1- 3 |  4- 6 || total
-------------------------+-------+-------++-------
Melee: Short sword       |   143 |    16 ||   159
       Bite              |    29 |     3 ||    32
 Cast: Infusion          |     6 |     1 ||     7
       Shroud of Golubri |     4 |     1 ||     5
  Eat: Chunk             |     3 |       ||     3
Armor: Leather armour    |    55 |     3 ||    58
Dodge: Dodged            |    75 |     2 ||    77
Block: Shield            |    44 |     2 ||    46
